 Dungeon Crawl Stone Soup version 0.26-a0-1147-g3780a7a11b (webtiles) character file.

Game seed: 10200569830225925702

155 gruber the Firebug (level 5, 0/35 HPs)
             Began as a Demonspawn Fire Elementalist on Dec 22, 2020.
             Slain by an orc
             ... wielding a +0 whip
              (5 damage)
             ... on level 3 of the Dungeon.
             The game lasted 00:03:15 (3435 turns).

gruber the Firebug (Demonspawn Fire Elementalist)   Turns: 3435, Time: 00:03:15

Health: 0/35       AC:  5    Str:  9    XL:     5   Next: 14%
Magic:  1/8        EV: 12    Int: 17    God:
Gold:   161        SH:  0    Dex: 13    Spells: 7/8 levels left

rFire    . . .     SeeInvis .   p - +0 short sword
rCold    . . .     Faith    .   (no shield)
rNeg     . . .     Spirit   .   a - +0 robe
rPois    +         Reflect  .   (no helmet)
rElec    .         Harm     .   (no cloak)
rCorr    .         Rampage  .   (no gloves)
Will     .....                  (no boots)
Stlth    ++........             (no amulet)
HPRegen  0.11/turn              e - ring of poison resistance
MPRegen  0.11/turn              (no ring)

@: very slightly contaminated
A: talons 2, thin metallic scales 2
a: no special abilities


You were on level 3 of the Dungeon.
You visited 1 branch of the dungeon, and saw 3 of its levels.

You collected 161 gold pieces.

Inventory:

Hand Weapons
 p - a +0 short sword (weapon)
Missiles
 d - 29 poisoned darts
Armour
 a - a +0 robe (worn)
Jewellery
 e - a ring of poison resistance (left hand)
Scrolls
 f - a scroll of remove curse {unknown}
 g - a scroll of enchant armour {unknown}
 h - a scroll of fog {unknown}
 j - 4 scrolls of teleportation {unknown}
 k - a scroll of immolation {unknown}
 l - a scroll of identify {unknown}
 n - a scroll of fear {unknown}
 o - a scroll of enchant weapon {unknown}
 q - a scroll of noise {unknown}
Potions
 b - a potion of curing {unknown}
 c - 2 potions of flight {unknown}
 i - a potion of resistance {unknown}
 m - a potion of magic {unknown}
 r - a potion of attraction {unknown}


   Skills:
 - Level 1.7 Dodging
 - Level 1.7 Stealth
 - Level 2.0 Spellcasting
 + Level 3.0 Conjurations
 + Level 4.5 Fire Magic


You had 7 spell levels left.
You knew the following spells:

 Your Spells              Type           Power        Failure   Level
a - Foxfire               Conj/Fire      56%          4%          1

Your spell library contained the following spells:

 Spells                   Type           Power        Failure   Level
 Conjure Flame            Conj/Fire      14%          12%         3
 Inner Flame              Hex/Fire       9%           22%         3
 Sticky Flame             Conj/Fire      14%          38%         4
 Fireball                 Conj/Fire      7%           75%         5


Dungeon Overview and Level Annotations

Branches:
Dungeon (3/15)

Altars:
Cheibriados
Dithmenos
Nemelex Xobeh
Yredelemnul
Zin
The Shining One


Innate Abilities, Weirdness & Mutations

You have razor-sharp toenails.
You are mostly covered in thin metallic scales. (AC +3)


Message History

Confirm with . or Enter, or press ? or * to list all spells.
You don't have enough magic to cast that spell.
Unknown command.
Casting: Foxfire (safe; 4% risk of failure)
Confirm with . or Enter, or press ? or * to list all spells.
You don't have enough magic to cast that spell.
You hit the orc priest.
You claw the orc priest, but do no damage.
The orc priest is moderately wounded.
The foxfire hits the orc.
You kill the orc!
The orc wizard hits you but does no damage.
The orc priest barely misses you. The orc priest misses you.
Unknown command.
You closely miss the orc priest. Your kick misses the orc priest.
The orc priest is moderately wounded.
The orc wizard hits you with a +0 dagger.
* * * LOW HITPOINT WARNING * * *
The orc hits you with a +0 whip.
You die...

# ######### . #....>..#
.# #.......##.#
#..........#.###
#......)†.....o
##.....@o# ##.#
####.....ooo##...#
##.....†........#
#..###.######.###
###.####.#####..####..#
#.......(..............
########.#####.#####.##
#. #.# #.# .. #.## #.#
.


You could see 2 orc priests, an orc wizard and an orc.

Vanquished Creatures
  A bullfrog skeleton (D:3)
  4 gnolls
  An adder (D:2)
  An ooze (D:1)
  2 worms (D:2)
  A dart slug (D:2)
  2 leopard geckos
  An orc (D:3)
  10 bats
  6 giant cockroaches
  10 goblins
  8 hobgoblins
  6 kobolds
  2 quokkas
  3 frilled lizards
  8 rats
66 creatures vanquished.

Vanquished Creatures (collateral kills)
  2 foxfires (D:2)
2 creatures vanquished.

Vanquished Creatures (others)
  271 foxfires
271 creatures vanquished.

Grand Total: 339 creatures vanquished

Notes
Turn   | Place    | Note
-------+----------+-------------------------------------------
     0 | D:1      | gruber the Demonspawn Fire Elementalist began the quest for
                  | the Orb.
     0 | D:1      | Reached XP level 1. HP: 13/13 MP: 3/3
   136 | D:1      | Reached skill level 3 in Fire Magic
   184 | D:1      | Gained mutation: You have sharp toenails. [demonic
                  | ancestry]
   184 | D:1      | Reached XP level 2. HP: 19/19 MP: 0/5
  1257 | D:1      | Gained mutation: You are partially covered in thin metallic
                  | scales. (AC +2) [demonic ancestry]
  1257 | D:1      | Reached XP level 3. HP: 24/24 MP: 3/6
  2021 | D:2      | Found a sparkling altar of Nemelex Xobeh.
  2022 | D:2      | Found a glowing golden altar of the Shining One.
  2135 | D:2      | Reached skill level 4 in Fire Magic
  2184 | D:2      | Found a snail-covered altar of Cheibriados.
  2507 | D:2      | Found a shadowy altar of Dithmenos.
  2512 | D:2      | Found a basalt altar of Yredelemnul.
  2517 | D:2      | Found a glowing silver altar of Zin.
  2569 | D:2      | Gained mutation: You are mostly covered in thin metallic
                  | scales. (AC +3) [demonic ancestry]
  2569 | D:2      | Reached XP level 4. HP: 30/30 MP: 0/7
  3052 | D:2      | Gained mutation: You have razor-sharp toenails. [demonic
                  | ancestry]
  3052 | D:2      | Reached XP level 5. HP: 31/35 MP: 4/8
  3435 | D:3      | Slain by an orc

Illustrated notes

Levels and vault maps discovered:
D:1:      kennysheep_arrival_seaside, layout_loops_corners,
          hangedman_decor_clover_reticule
D:2:      kennysheep_the_goblin_king, layout_rooms, kennysheep_slug_shrine,
          minmay_overflow_temple_star_quad, nicolae_overflow_hidden_temple,
          serial_bayou_pond_e
D:3:      layout_rooms, nicolae_qazlal_eye_of_the_storm

Skill      XL: |  1  2  3  4  5 |
---------------+----------------+-----
Fire Magic     | 3 4 |  4.5
Conjurations   | 2 3 |  3.0
Dodging        | |  1.7
Stealth        | |  1.7
Spellcasting   | |  2.0

Action                   |  1- 3 |  4- 6 || total
-------------------------+-------+-------++-------
Melee: Unarmed           |     2 |       ||     2
       Kick              |     1 |     3 ||     4
       Short sword       |       |    16 ||    16
 Cast: Foxfire           |   113 |    52 ||   165
Armor: Robe              |    10 |    11 ||    21
Dodge: Dodged            |    18 |    24 ||    42

Table legend: (Time is in decaauts)
 A = Elapsed time spent in this place.
 B = Non-inter-level travel time spent in this place.
 C = Inter-level travel time spent in this place.
 D = Time resting spent in this place.
 E = Time spent auto-exploring this place.
 F = Levels seen in this place.
 G = Mean time per level.
                   A        B        C        D        E       F      G
               +--------+--------+--------+--------+--------+-----+--------+
         Total |   3442 |   3386 |     56 |    157 |   2799 |   3 | 1147.3 |
       Dungeon |   3442 |   3386 |     56 |    157 |   2799 |   3 | 1147.3 |
               +--------+--------+--------+--------+--------+-----+--------+

Top non-repeatable levels by time:
     D:1: 1559 daAuts
     D:2: 1376 daAuts
     D:3: 506 daAuts
